EL
PORTLAND SEA DOGS @ ARKANSAS TRAVELERS
09/18/2045
 
TOP OF THE 1ST
Portland Sea Dogs batting - Pitching for Arkansas Travelers : RHP Robbie Delgado
Pitching: RHP Robbie Delgado
Batting: RHB Manny Jurado 0-0: Ball
1-0: Called Strike
1-1: Called Strike
1-2: Foul Ball, location: 2F
1-2: Ball
2-2: Strikes out swinging
Batting: RHB Guillermo Quintero 0-0: Swinging Strike
0-1: Ball
1-1: Ball
2-1: Ball
3-1: Foul Ball, location: 2F
3-2: Strikes out swinging
Batting: LHB Julian Toney 0-0: SINGLE (Groundball, 56S, EV 67.5 MPH) (infield hit)
Batting: LHB Blake Sams 0-0: Ball
1-0: Foul Ball, location: 2F
1-1: SINGLE (Groundball, 4MS, EV 66.2 MPH) (infield hit)
Julian Toney to second
Batting: LHB Mike Jones 0-0: Foul Ball, location: 2F
0-1: Called Strike
0-2: Foul Ball, location: 2F
0-2: Ball
1-2: Ball
2-2: Ball
Passed Ball!
Julian Toney to third
Blake Sams to second
3-2: Foul Ball, location: 2F
3-2: Foul Ball, location: 2F
3-2: Fly out, F9 (Flyball, 9, EV 81.9 MPH)
Top of the 1st over - 0 runs, 2 hits, 0 errors, 2 left on base; Portland 0 - Arkansas 0
BOTTOM OF THE 1ST
Arkansas Travelers batting - Pitching for Portland Sea Dogs : LHP Eric Del Sordo
Pitching: LHP Eric Del Sordo
Batting: LHB Rusty Ney 0-0: Ball
1-0: SINGLE (Line Drive, 8RM, EV 96.2 MPH)
Batting: RHB Mike Alm 0-0: Foul Ball, location: 2F
0-1: Swinging Strike
0-2: Ball
Wild Pitch!
Rusty Ney to second
1-2: Foul Ball, location: 2F
1-2: Strikes out swinging
Batting: RHB Luis Romero 0-0: Foul Ball, location: 2F
0-1: Ball
1-1: Fly out, F8 (Flyball, 8RXD, EV 99.4 MPH)
Runner from 2nd tags up, SAFE at 3rd, no throw by CF
Batting: RHB Oren Jones 0-0: Ball
1-0: Ball
2-0: Ball
3-0: Called Strike
3-1: Foul Ball, location: 2F
3-2: Base on Balls
Batting: SHB Ivan Barry 0-0: Ball
1-0: Swinging Strike
1-1: Ball
2-1: Fielders Choice at 2nd, 6-4 (Groundball, 6, EV 103.8 MPH)
Bottom of the 1st over - 0 runs, 1 hit, 0 errors, 2 left on base; Portland 0 - Arkansas 0
TOP OF THE 2ND
Portland Sea Dogs batting - Pitching for Arkansas Travelers : RHP Robbie Delgado
Batting: LHB Parker Lowe 0-0: Called Strike
0-1: Ball
1-1: Ball
2-1: Ball
3-1: Fly out, F8 (Flyball, 78D, EV 100.6 MPH)
Batting: RHB Frank Sokolosky 0-0: Ball
1-0: Called Strike
1-1: Ground out U3 (Groundball, 34, EV 89.4 MPH)
Batting: RHB Pat Bulger 0-0: Ball
1-0: Ball
2-0: Ball
3-0: Called Strike
3-1: Ground out 6-3 (Groundball, 6, EV 81.2 MPH)
Top of the 2nd over - 0 runs, 0 hits, 0 errors, 0 left on base; Portland 0 - Arkansas 0
BOTTOM OF THE 2ND
Arkansas Travelers batting - Pitching for Portland Sea Dogs : LHP Eric Del Sordo
Batting: RHB Jose Pineda 0-0: Foul Ball, location: 2F
0-1: Ball
1-1: Called Strike
1-2: Ball
2-2: Foul Ball, location: 2F
2-2: Strikes out swinging
Batting: RHB Ryan Pelletier 0-0: Called Strike
0-1: Foul Ball, location: 2F
0-2: Foul Ball, location: 2F
0-2: Ground out 5-3 (Groundball, 56, EV 98.8 MPH)
Batting: SHB Mario Padron 0-0: Called Strike
0-1: Ball
1-1: Fly out, F8 (Flyball, 8RM, EV 91.2 MPH)
Bottom of the 2nd over - 0 runs, 0 hits, 0 errors, 0 left on base; Portland 0 - Arkansas 0
TOP OF THE 3RD
Portland Sea Dogs batting - Pitching for Arkansas Travelers : RHP Robbie Delgado
Batting: RHB Trent Hood 0-0: Ball
1-0: Ball
2-0: Ball
3-0: Called Strike
3-1: SINGLE (Groundball, 6D, EV 108.8 MPH)
Batting: RHB Manny Jurado 0-0: Fielders Choice at 2nd, 4-6 (Groundball, 4, EV 84.4 MPH)
Batting: RHB Guillermo Quintero 0-0: Ball
Manny Jurado is caught stealing 2nd base 2-4
1-0: Foul Ball, location: 2F
1-1: Foul Ball, location: 2F
1-2: Ball
2-2: Fly out, F3 (Popup, 3SF, EV 75.6 MPH)
Top of the 3rd over - 0 runs, 1 hit, 0 errors, 0 left on base; Portland 0 - Arkansas 0
BOTTOM OF THE 3RD
Arkansas Travelers batting - Pitching for Portland Sea Dogs : LHP Eric Del Sordo
Batting: RHB Tsega Haida 0-0: Ball
1-0: Swinging Strike
1-1: Called Strike
1-2: Ball
2-2: Strikes out swinging
Batting: LHB Rusty Ney 0-0: Called Strike
0-1: Ball
1-1: Ball
2-1: Fly out, F6 (Flyball, 6D, EV 89.4 MPH)
Batting: RHB Mike Alm 0-0: Ball
1-0: Called Strike
1-1: Ball
2-1: Foul Ball, location: 2F
2-2: SINGLE (Groundball, 5S, EV 73.8 MPH) (infield hit)
Batting: RHB Luis Romero 0-0: Ball
1-0: Called Strike
1-1: Ball
2-1: Called Strike
2-2: Ground out 4-3 (Groundball, 4, EV 111.2 MPH)
Bottom of the 3rd over - 0 runs, 1 hit, 0 errors, 1 left on base; Portland 0 - Arkansas 0
TOP OF THE 4TH
Portland Sea Dogs batting - Pitching for Arkansas Travelers : RHP Robbie Delgado
Batting: LHB Julian Toney 0-0: Foul Ball, location: 2F
0-1: Swinging Strike
0-2: Ball
1-2: Ball
2-2: Strikes out looking
Batting: LHB Blake Sams 0-0: Foul Ball, location: 2F
0-1: Ball
1-1: Ground out U3 (Groundball, 3, EV 79.4 MPH)
Batting: LHB Mike Jones 0-0: Ball
1-0: Called Strike
1-1: Ball
2-1: Foul Ball, location: 2F
2-2: TRIPLE (Flyball, 78XD, EV 109.4 MPH)
Batting: LHB Parker Lowe 0-0: Ball
1-0: Ball
2-0: Called Strike
2-1: Ball
3-1: Swinging Strike
3-2: Base on Balls
Batting: RHB Frank Sokolosky 0-0: Fly out, F6 (Popup, 6MS, EV 74.4 MPH)
Top of the 4th over - 0 runs, 1 hit, 0 errors, 2 left on base; Portland 0 - Arkansas 0
BOTTOM OF THE 4TH
Arkansas Travelers batting - Pitching for Portland Sea Dogs : LHP Eric Del Sordo
Batting: RHB Oren Jones 0-0: Ball
1-0: Fly out, F7 (Flyball, 7LM, EV 95.6 MPH)
Batting: SHB Ivan Barry 0-0: Ball
1-0: Called Strike
1-1: Called Strike
1-2: Ball
2-2: Foul Ball, location: 2F
2-2: Strikes out swinging
Batting: RHB Jose Pineda 0-0: Ground out 4-3 (Groundball, 4, EV 88.1 MPH)
Bottom of the 4th over - 0 runs, 0 hits, 0 errors, 0 left on base; Portland 0 - Arkansas 0
TOP OF THE 5TH
Portland Sea Dogs batting - Pitching for Arkansas Travelers : RHP Robbie Delgado
Batting: RHB Pat Bulger 0-0: Ball
1-0: Ball
2-0: Called Strike
2-1: Foul Ball, location: 2F
2-2: Foul Ball, location: 2F
2-2: Foul Ball, location: 2F
2-2: Strikes out swinging
Pitching: RHP Luis Diaz
Batting: RHB Trent Hood 0-0: Ball
1-0: Ball
2-0: Ball
3-0: Foul Ball, location: 2F
3-1: Swinging Strike
3-2: Foul Ball, location: 2F
3-2: DOUBLE (Line Drive, 89D, EV 112.5 MPH)
Batting: RHB Manny Jurado 0-0: Called Strike
0-1: Ball
1-1: Swinging Strike
1-2: SINGLE (Line Drive, 6D, EV 94.4 MPH)
Trent Hood to third
Runner from 3rd tries for Home, throw by LF and OUT! 7-2
Batting: RHB Guillermo Quintero 0-0: Called Strike
0-1: Foul Ball, location: 2F
0-2: Ground out 6-3 (Groundball, 6, EV 86.2 MPH)
Top of the 5th over - 0 runs, 2 hits, 0 errors, 1 left on base; Portland 0 - Arkansas 0
BOTTOM OF THE 5TH
Arkansas Travelers batting - Pitching for Portland Sea Dogs : LHP Eric Del Sordo
Batting: RHB Ryan Pelletier 0-0: Reached on error, E6 (Groundball, 6, EV 83.1 MPH)
Batting: SHB Mario Padron 0-0: Called Strike
0-1: Called Strike
0-2: Ball
1-2: Strikes out swinging
Batting: RHB Tsega Haida 0-0: Swinging Strike
0-1: Ball
1-1: Called Strike
1-2: Ball
2-2: Strikes out swinging
Batting: LHB Rusty Ney 0-0: Ball
1-0: Called Strike
1-1: Ball
2-1: Foul Ball, location: 2F
2-2: Fly out, F8 (Flyball, 8LM, EV 90.0 MPH)
Bottom of the 5th over - 0 runs, 0 hits, 1 error, 1 left on base; Portland 0 - Arkansas 0
TOP OF THE 6TH
Portland Sea Dogs batting - Pitching for Arkansas Travelers : RHP Luis Diaz
Batting: LHB Julian Toney 0-0: Ball
1-0: Called Strike
1-1: Ball
2-1: Called Strike
2-2: Foul Ball, location: 2F
2-2: Ground out 4-3 (Groundball, 4, EV 85.0 MPH)
Batting: LHB Blake Sams 0-0: Ball
1-0: Called Strike
1-1: Ground out 4-3 (Groundball, 4, EV 86.2 MPH)
Batting: LHB Mike Jones 0-0: Ball
1-0: Swinging Strike
1-1: Ball
2-1: Ground out 4-3 (Groundball, 4, EV 86.9 MPH)
Top of the 6th over - 0 runs, 0 hits, 0 errors, 0 left on base; Portland 0 - Arkansas 0
BOTTOM OF THE 6TH
Arkansas Travelers batting - Pitching for Portland Sea Dogs : LHP Eric Del Sordo
Batting: RHB Mike Alm 0-0: Ball
1-0: Ball
2-0: Called Strike
2-1: SINGLE (Flyball, 5D, EV 96.2 MPH)
Batting: RHB Luis Romero 0-0: Called Strike
0-1: Foul Ball, location: 2F
0-2: Ball
1-2: Ball
2-2: Foul Ball, location: 2F
2-2: Foul Ball, location: 2F
2-2: Foul Ball, location: 2F
2-2: Foul Ball, location: 2F
2-2: Ball
3-2: Fielders Choice at 2nd, 2-6 (Groundball, 13S, EV 71.9 MPH)
Batting: RHB Oren Jones 0-0: Ball
1-0: Swinging Strike
1-1: Ball
2-1: Ball
3-1: Foul Ball, location: 2F
Pickoff Throw to First - Error! E1
Luis Romero to second
3-2: DOUBLE (Flyball, 8LXD, EV 111.2 MPH)
Luis Romero scores
Pitching: RHP Wayne Kerrick
Batting: SHB Ivan Barry 0-0: Called Strike
0-1: Foul Ball, location: 2F
0-2: Strikes out swinging
Batting: RHB Jose Pineda 0-0: Swinging Strike
0-1: Swinging Strike
0-2: Fly out, F8 (Flyball, 8LM, EV 88.8 MPH)
Bottom of the 6th over - 1 run, 2 hits, 1 error, 1 left on base; Portland 0 - Arkansas 1
TOP OF THE 7TH
Portland Sea Dogs batting - Pitching for Arkansas Travelers : RHP Luis Diaz
Pitching: LHP Brandon Davis
Pinch Hitting: RHB Carlos Nolasco 0-0: Ball
1-0: Fly out, F7 (Line Drive, 7D, EV 102.5 MPH)
Pitching: RHP Simon Vogel
Batting: RHB Frank Sokolosky 0-0: Ball
1-0: Called Strike
1-1: Ground out 4-3 (Groundball, 34, EV 91.2 MPH)
Batting: RHB Pat Bulger 0-0: Ground out 5-3 (Groundball, 56, EV 108.8 MPH)
Top of the 7th over - 0 runs, 0 hits, 0 errors, 0 left on base; Portland 0 - Arkansas 1
BOTTOM OF THE 7TH
Arkansas Travelers batting - Pitching for Portland Sea Dogs : RHP Wayne Kerrick
Now at 1B: Bobby Albert
Batting: RHB Ryan Pelletier 0-0: Called Strike
0-1: Foul Ball, location: 2F
0-2: SINGLE (Groundball, 6MD, EV 100.6 MPH)
Batting: SHB Mario Padron 0-0: Ball
1-0: Ball
2-0: Bunted foul
2-1: Bunted foul
2-2: Ground out U3 (Groundball, 3L, EV 90.6 MPH)
Ryan Pelletier to second
Batting: RHB Tsega Haida 0-0: Called Strike
0-1: Called Strike
0-2: Ball
1-2: Ball
2-2: Foul Ball, location: 2F
2-2: Ball
3-2: SINGLE (Groundball, 56S, EV 68.1 MPH) (infield hit)
Ryan Pelletier to third
Batting: LHB Rusty Ney 0-0: Called Strike
0-1: Foul Ball, location: 2F
0-2: Ball
1-2: Foul Ball, location: 2F
1-2: Ground out 5-3 (Groundball, 56, EV 85.0 MPH)
Tsega Haida to second
Batting: RHB Mike Alm 0-0: Foul Ball, location: 2F
0-1: Ground out 6-3 (Groundball, 6, EV 82.5 MPH)
Bottom of the 7th over - 0 runs, 2 hits, 0 errors, 2 left on base; Portland 0 - Arkansas 1
TOP OF THE 8TH
Portland Sea Dogs batting - Pitching for Arkansas Travelers : RHP Simon Vogel
Pinch Hitting: LHB Jake Goddard 0-0: Ball
1-0: Foul Ball, location: 2F
1-1: Ground out U3 (Groundball, 3L, EV 79.4 MPH)
Batting: RHB Manny Jurado 0-0: Swinging Strike
0-1: SINGLE (Flyball, 7LS, EV 100.6 MPH)
Batting: RHB Guillermo Quintero 0-0: Fly out, F9 (Flyball, 9S, EV 79.4 MPH)
Batting: LHB Julian Toney 0-0: Swinging Strike
0-1: Ball
1-1: Ball
2-1: Swinging Strike
2-2: Foul Ball, location: 2F
2-2: Ball
3-2: Foul Ball, location: 2F
3-2: Strikes out looking
Top of the 8th over - 0 runs, 1 hit, 0 errors, 1 left on base; Portland 0 - Arkansas 1
BOTTOM OF THE 8TH
Arkansas Travelers batting - Pitching for Portland Sea Dogs : RHP Wayne Kerrick
Pitching: RHP Pedro Torres
Now at 3B: Frank Sokolosky
Now at SS: Adugna Chandu
Batting: RHB Luis Romero 0-0: Ball
1-0: Ball
2-0: Ball
3-0: Called Strike
3-1: Foul Ball, location: 2F
3-2: Foul Ball, location: 2F
3-2: Strikes out swinging
Batting: RHB Oren Jones 0-0: Ball
1-0: Ball
2-0: Ball
3-0: Base on Balls
Batting: SHB Ivan Barry 0-0: Called Strike
0-1: Foul Ball, location: 2F
0-2: Foul Ball, location: 2F
0-2: Ball
1-2: Ball
2-2: Strikes out swinging
Batting: RHB Jose Pineda 0-0: Called Strike
0-1: Ball
1-1: Ground out 4-3 (Groundball, 34, EV 102.5 MPH)
Bottom of the 8th over - 0 runs, 0 hits, 0 errors, 1 left on base; Portland 0 - Arkansas 1
TOP OF THE 9TH
Portland Sea Dogs batting - Pitching for Arkansas Travelers : RHP Simon Vogel
Pitching: RHP Eric Cunningham
Batting: LHB Blake Sams 0-0: Ball
1-0: Fly out, F7 (Line Drive, 7, EV 96.2 MPH)
Batting: LHB Mike Jones 0-0: Called Strike
0-1: Ground out 4-3 (Groundball, 34, EV 79.4 MPH)
Batting: RHB Bobby Albert 0-0: Called Strike
0-1: Ball
1-1: Swinging Strike
1-2: Foul Ball, location: 2F
1-2: Foul Ball, location: 2F
1-2: Strikes out swinging
Top of the 9th over - 0 runs, 0 hits, 0 errors, 0 left on base; Portland 0 - Arkansas 1
Wednesday, June 22nd , 2022 - OOTP Baseball 23.4 Build 64